 Dungeon Crawl Stone Soup version 0.32-a0-132-g2d33c3cfaf (webtiles) character file.

Game seed: 14496065435385797285

18 iamserjio the Magician (level 2, -5/22 HPs)
             Began as a Djinni Hedge Wizard on Feb 9, 2024.
             Slain by an iguana (7 damage)
             ... on level 3 of the Dungeon.
             The game lasted 00:02:43 (373 turns).

iamserjio the Magician (Djinni Hedge Wizard)         Turns: 373, Time: 00:02:44

Health: -5/22      AC:  2    Str:  9    XL:     2   Next: 90%
Gold:   65         EV: 12    Int: 15    God:
                   SH:  0    Dex: 12

rFire   + + .        a - +0 dagger
rCold   x . .        (no shield)
rNeg    . . .        b - +0 robe
rPois   ∞            c - +0 hat
rElec   .            (no cloak)
rCorr   .            (no gloves)
SInv    .            (boots unavailable)
Will    .....        (no amulet)
Stlth   ++           (no ring)
HPRegen 0.23/turn    (no ring)
MPRegen 0.00/turn

%: infuse magic (-6 HP)
@: flying
A: sickness immunity, fire resistance 2, cold vulnerability 1, float, innate
caster, HP casting, extra vitality 1
a: no special abilities


You were on level 3 of the Dungeon.
You visited 1 branch of the dungeon, and saw 3 of its levels.

You collected 65 gold pieces.

Inventory:

Hand Weapons
 a - a +0 dagger (weapon)
Armour
 b - a +0 robe (worn)
 c - a +0 hat (worn)
Scrolls
 e - 3 scrolls of fear {unknown}
Potions
 d - a potion of resistance {unknown}
 f - 2 potions of curing {unknown}
 g - a potion of heal wounds {unknown}


   Skills:
 + Level 1.4 Fighting
 - Level 2.1 Dodging
 - Level 1.5 Stealth
 + Level 3.3 Spellcasting
 + Level 3.3 Conjurations
 + Level 3.3 Hexes
 + Level 3.3 Summonings
 + Level 3.3 Necromancy
 + Level 3.3 Translocations
 + Level 3.3 Fire Magic
 + Level 3.3 Ice Magic
 + Level 3.3 Air Magic
 + Level 3.3 Earth Magic
 + Level 3.3 Alchemy


You knew the following spells:

 Your Spells              Type           Power      Damage    Failure   Level
a - Magic Dart            Conj           48%        1d5       4%          1
b - Slow                  Hex            48%        N/A       4%          1
c - Blink                 Tloc           24%        N/A       8%          2
d - Call Imp              Summ           24%        N/A       8%          2
e - Mephitic Cloud        Conj/Alch/Air  12%        N/A       16%         3
Your spell library was empty.

Dungeon Overview and Level Annotations

Branches:
Dungeon (3/15) Zot: 17626

Altars:

Shops:
D:2 [[


Innate Abilities, Weirdness & Mutations

You are immune to sickness and miasma.
You are immune to poison.
Your flesh is very heat resistant. (rF++)
You are vulnerable to cold. (rC-)
You float through the air rather than walking.
You learn spells naturally, not from books.
Your magical power is your life essence.
You have superior vitality. (+4 MHP)


Message History

Unknown command.
Casting: Blink (safe; 8% risk of failure)
Okay, then.
The iguana attacks as it pursues you! The iguana barely misses you.
You see here a +0 whip.
You barely miss the iguana.
You feel ready to blink again. The iguana closely misses you.
Your cerulean imp barely misses the iguana.
Casting: Blink (safe; 8% risk of failure)
You blink.
* * * LOW HITPOINT WARNING * * *
Your cerulean imp barely misses the iguana.
Aiming: Magic Dart (safe; 4% risk of failure)
Press: ? - help, Q - select action, (/) - cycle Shift-Dir - straight line, f/p - iguana
Aim: an iguana (heavily wounded, ally target, 100% to hit)
The magic dart hits the iguana but does no damage.
* * * LOW HITPOINT WARNING * * *
Your cerulean imp closely misses the iguana.
Aiming: Magic Dart (safe; 4% risk of failure)
Press: ? - help, Q - select action, (/) - cycle Shift-Dir - straight line, f/p - iguana
Aim: an iguana (heavily wounded, ally target, 100% to hit)
The magic dart hits the iguana but does no damage.
* * * LOW HITPOINT WARNING * * *
Your cerulean imp completely misses the iguana.
Aiming: Magic Dart (safe; 4% risk of failure)
Press: ? - help, Q - select action, (/) - cycle Shift-Dir - straight line, f/p - iguana
Aim: an iguana (heavily wounded, ally target, 100% to hit)
The magic dart hits the iguana but does no damage.
* * * LOW HITPOINT WARNING * * *
Aiming: Magic Dart (safe; 4% risk of failure)
Press: ? - help, Q - select action, (/) - cycle Shift-Dir - straight line, f/p - iguana
Aim: an iguana (heavily wounded, ally target, 100% to hit)
The magic dart hits the iguana but does no damage.
* * * LOW HITPOINT WARNING * * *
Unknown command.
You barely miss the iguana.
You feel ready to blink again. The iguana bites you!
You die...

#...†......#
##...)......#
..........)#
#..........#
##........##
#........5.#
#..........#
#.<......l.#
#........@.#
#..........#
##.(......##
##......##
....####
.####


You could see an iguana (ally target) and a friendly cerulean imp (summoned).

Vanquished Creatures
  A dart slug (D:1)
  A ball python (D:2)
  2 endoplasms (D:1)
  3 goblins (D:2)
  A hobgoblin (D:3)
  A jackal (D:2)
  A kobold (D:3)
10 creatures vanquished.

Vanquished Creatures (collateral kills)
  A ribbon worm (D:2)
  A jackal (D:2)
2 creatures vanquished.

Grand Total: 12 creatures vanquished

Notes
Turn   | Place    | Note
-------+----------+-------------------------------------------
     0 | D:1      | iamserjio the Djinni Hedge Wizard began the quest for the
                  | Orb.
     0 | D:1      | iamserjio set off with the following spells memorised:
                  | Magic Dart, Slow, Blink, Call Imp, Mephitic Cloud.
     0 | D:1      | Reached XP level 1. HP: 15/15 MP: 0/0
   129 | D:2      | Found Veikih's Armour Shoppe.
   180 | D:2      | Found Gomyij's Armour Emporium.
   198 | D:2      | Reached XP level 2. HP: 21/22 MP: 0/0
   276 | D:3      | Reached skill level 1 in Fighting
   373 | D:3      | Slain by an iguana

Illustrated notes

Levels and vault maps discovered:
D:1:      matt_arrival_refuge, layout_loops_corners,
          chequers_ecumenical_altar_lobes
D:2:      layout_basic, serial_shops, shop, nicolae_shop_advertising_works
          [nicolae_subvault_shop_adworks], shop, minmay_tetromino_i4
D:3:      layout_rooms, lemuel_tele_altar, gammafunk_temple_overflow_wave,
          amcnicky_mini_rare_corridor_liquid, nicolae_goblin_pals, uniq_natasha

Skill      XL: |  1  2 |
---------------+-------+-----
Fighting       | 1 |  1.4
Dodging        | |  2.1
Stealth        | |  1.5
Spellcasting   | |  3.3
Conjurations   | |  3.3
Hexes          | |  3.3
Summonings     | |  3.3
Necromancy     | |  3.3
Translocations | |  3.3
Fire Magic     | |  3.3
Ice Magic      | |  3.3
Air Magic      | |  3.3
Earth Magic    | |  3.3
Alchemy        | |  3.3

Action                     || total
---------------------------++-------
  Melee: Dagger            ||    11
   Cast: Magic Dart        ||    36
         Call Imp          ||     3
         Blink             ||     2
   Stab: Sleeping          ||     2
 Armour: Robe              ||     6
  Dodge: Dodged            ||    12

Table legend: (Time is in decaauts)
 A = Elapsed time spent in this place.
 B = Non-inter-level travel time spent in this place.
 C = Inter-level travel time spent in this place.
 D = Time resting spent in this place.
 E = Time spent auto-exploring this place.
 F = Levels seen in this place.
 G = Mean time per level.
                   A        B        C        D        E       F      G
               +--------+--------+--------+--------+--------+-----+--------+
         Total |    372 |    340 |     32 |      0 |     39 |   3 |  124.0 |
       Dungeon |    372 |    340 |     32 |      0 |     39 |   3 |  124.0 |
               +--------+--------+--------+--------+--------+-----+--------+

Top non-repeatable levels by time:
     D:2: 235 daAuts
     D:1: 110 daAuts
     D:3: 27 daAuts
